 Dungeon Crawl Stone Soup version 0.20-a0-3-g334f831 (console) character file.

354 brucemayne the Cleaver (level 6, -4/51 HPs)
             Began as a Hill Orc Monk on Oct 30, 2016.
             Was a Believer of Makhleb.
             Killed from afar by an orc wizard (9 damage)
             ... with a puff of frost
             ... on level 7 of the Dungeon.
             The game lasted 00:10:03 (1769 turns).

brucemayne the Cleaver (Hill Orc Monk)              Turns: 1769, Time: 00:10:04

Health: -4/51      AC:  5    Str: 16    XL:     6   Next: 62%
Magic:  9/9        EV: 11    Int: 10    God:    Makhleb [**....]
Gold:   131        SH:  0    Dex: 13    Spells: 0 memorised, 5 levels left

rFire  . . .     SeeInvis .     a - +0 hand axe
rCold  . . .     Gourm    .     e - +0 ring mail
rNeg   . . .     Faith    .     (no shield)
rPois  .         Spirit   .     (no helmet)
rElec  .         Reflect  .     (no cloak)
rCorr  .         Harm     .     (no gloves)
MR     .....                    (no boots)
Stlth  +.........               (no amulet)
                                (no ring)
                                (no ring)

@: no status effects
A: no striking features
a: Minor Destruction, Renounce Religion


You were on level 7 of the Dungeon.
You worshipped Makhleb.
Makhleb was pleased with you.
You were not hungry.

You visited 2 branches of the dungeon, and saw 8 of its levels.

You collected 131 gold pieces.

Inventory:

Hand Weapons
 a - a +0 hand axe (weapon)
 h - a +0 flail
Missiles
 p - 17 poisoned needles
Armour
 b - a +0 robe
 e - a +0 ring mail (worn)
Wands
 m - a wand of enslavement (13/24)
Scrolls
 d - a scroll of immolation
 f - 3 scrolls of identify
 i - 2 scrolls of remove curse {unknown}
 l - a scroll of random uselessness {unknown}
 n - a scroll of enchant armour {unknown}
 o - a scroll of fear {unknown}
 q - a scroll of blinking {unknown}
 s - a scroll of amnesia {unknown}
Potions
 k - a potion of flight
Comestibles
 c - 3 bread rations
 g - a meat ration
 j - a slice of pizza
 r - 4 fruits


   Skills:
 + Level 3.6 Fighting
 + Level 8.4 Axes
 - Level 2.4 Dodging
 - Level 1.5 Stealth
 - Level 4.0 Invocations


You had 5 spell levels left.
You didn't know any spells.

Dungeon Overview and Level Annotations

Branches:
Dungeon (7/15)             Temple (1/1) D:4

Altars:
Dithmenos
Fedhas
Hepliaklqana
Makhleb
Nemelex Xobeh
Ru
Sif Muna
Xom
Zin
The Shining One

Shops:
D:5 [[(*

Annotations:
D:5 Eustachio


Message History

Okay, then.
The orc wizard miscasts a cantrip.
Evoke which item? (* to show all) (? for menu, Esc to quit)
Okay, then.
Evoke which item? (* to show all) (? for menu, Esc to quit)
Zapping:
m - a wand of enslavement (15/24)
Press: ? - help, Shift-Dir - straight line, f - orc wizard
Aim: an orc wizard, wielding a dagger and wearing a robe (fast, chance to defeat MR: 46%)
The orc wizard resists with some effort.
This wand has 14 charges left.
The orc wizard hits you but does no damage.
Evoke which item? (* to show all) (? for menu, Esc to quit)
Zapping:
m - a wand of enslavement (14/24)
Press: ? - help, Shift-Dir - straight line, f/p - orc wizard
Aim: an orc wizard, wielding a dagger and wearing a robe (fast, chance to defeat MR: 46%)
The orc wizard resists with some effort.
This wand has 13 charges left.
The orc wizard points at you and mumbles some strange words.
The puff of frost hits you!
You die...

#.#.>. #.#..
#ยง#.########## #
#.#o..........
#.#..........###
.###$..............
#.....oo.o..oJ#.
#############o# #@#
#.# #.# #.. #.# ###


You could see 2 orc wizards, an ooze and an orc.

Vanquished Creatures
  A centaur (D:6)
  A bullfrog (D:6)
  A howler monkey (D:5)
  2 hounds (D:5)
  Jessica (D:3)
  An adder (D:4)
  3 dart slugs
  2 leopard geckos
  10 orcs
  A giant cockroach (D:1)
  2 goblins (D:3)
  4 jackals (D:4)
  4 kobolds
  2 quokkas (D:3)
  4 bats
  2 frilled lizards
  2 jackal skeletons (D:5)
  A rat (D:2)
44 creatures vanquished.

Vanquished Creatures (collateral kills)
  A centaur zombie (D:5)
  A worm (D:6)
  A giant cockroach (D:5)
3 creatures vanquished.

Grand Total: 47 creatures vanquished

Notes
Turn   | Place    | Note
-------+----------+-------------------------------------------
     0 | D:1      | brucemayne the Hill Orc Monk began the quest for the Orb.
     0 | D:1      | Reached XP level 1. HP: 19/19 MP: 1/1
   180 | D:1      | Reached XP level 2. HP: 26/26 MP: 2/2
   230 | D:3      | Noticed Jessica
   247 | D:3      | Killed Jessica
   247 | D:3      | Reached skill level 5 in Axes
   247 | D:3      | Reached XP level 3. HP: 15/31 MP: 3/3
   257 | D:3      | Found a shadowy altar of Dithmenos.
   320 | D:3      | HP: 1/31 [leopard gecko (1)]
   485 | D:3      | Reached skill level 6 in Axes
   501 | D:4      | Found a staircase to the Ecumenical Temple.
   598 | D:2      | Found a hazy altar of Hepliaklqana.
   779 | Temple   | Entered the Ecumenical Temple
   822 | Temple   | Became a worshipper of Makhleb the Destroyer
   822 | Temple   | Reached * piety under Makhleb
   822 | Temple   | Reached ** piety under Makhleb
   851 | D:4      | Reached XP level 4. HP: 21/39 MP: 4/4
   946 | D:5      | Entered Level 5 of the Dungeon
  1103 | D:5      | Found Doaboaze's Armour Emporium.
  1105 | D:5      | Found Vaokozen's Antique Armour Emporium.
  1106 | D:5      | Found Uneusuvi's Assorted Antiques.
  1106 | D:5      | Found Tani's Weapon Emporium.
  1136 | D:5      | Reached skill level 7 in Axes
  1141 | D:5      | Reached XP level 5. HP: 36/45 MP: 5/5
  1151 | D:5      | Noticed Eustachio
  1224 | D:5      | Found a sacrificial altar of Ru.
  1294 | D:5      | Reached skill level 1 in Invocations
  1365 | D:6      | Noticed a sky beast
  1391 | D:6      | Found a shimmering altar of Xom.
  1391 | D:6      | Noticed a centaur
  1402 | D:6      | Killed a centaur
  1402 | D:6      | Reached skill level 8 in Axes
  1402 | D:6      | Reached XP level 6. HP: 29/51 MP: 6/8
  1544 | D:5      | Noticed a phantom
  1743 | D:7      | Noticed an orc warrior
  1769 | D:7      | Killed from afar by an orc wizard

Vault maps used:
D:1:      saegor_arrival_simple_d
D:2:      overflow_temple_1_default, kennysheep_vampire_church,
          grunt_qazlal_sundering, serial_forest, infiniplex_forest_straight_4,
          infiniplex_forest_straight_2, infiniplex_forest_end_2,
          infiniplex_forest_clump_double, infiniplex_forest_zigzag_1,
          infiniplex_forest_clump_small, infiniplex_forest_clump_medium,
          infiniplex_forest_clump_long, nrook_loot_triangle, minmay_heptomino_h4
D:3:      nicolae_overflow_crystal_walls, first_bread, kennysheep_flooded_box,
          eino_tiny_chamber, grunt_dithmenos_smoke_and_mirrors, uniq_jessica
D:4:      dk_noncrumbling_3, minmay_strange_pillars
D:5:      old_standard_altar, lemuel_round_altar, minmay_shop_grid_forest,
          cheibrodos_ashenzari_chains, uniq_eustachio, uniq_sigmund
D:6:      lemuel_crystal_altar, basic_altar, serial_shops, nicolae_shop_crystal,
          kennysheep_nondescript
Temple:   nicolae_temple_figure_zero

Skill      XL: |  1  2  3  4  5  6 |
---------------+-------------------+-----
Axes           | 5 6 7 8 |  8.4
Invocations    | 3 4 |  4.0
Fighting       | |  3.6
Dodging        | |  2.4
Stealth        | |  1.5

Action                   |  1- 3 |  4- 6 || total
-------------------------+-------+-------++-------
Melee: Hand axe          |    94 |   106 ||   200
Evoke: Wand              |       |     6 ||     6
  Use: Potion            |     2 |       ||     2
       Scroll            |     1 |     2 ||     3
  Eat: Chunk             |       |     3 ||     3
Armor: Ring mail         |    54 |    32 ||    86
Dodge: Dodged            |    71 |    55 ||   126
